 Dungeon Crawl Stone Soup version 0.27.0-1-g7a089689b8 (webtiles) character file.

Game seed: 5844237579785223727

100 Ozzies the Skirmisher (level 4, 0/44 HPs)
             Began as a Minotaur Fighter on Aug 8, 2021.
             Was a Believer of Sif Muna.
             Slain by a goblin (2 damage)
             ... led by Robin
             ... on level 3 of the Dungeon.
             The game lasted 00:01:51 (1413 turns).

Ozzies the Skirmisher (Minotaur Fighter)            Turns: 1413, Time: 00:01:52

Health: 0/44       AC:  8    Str: 21    XL:     4   Next: 46%
Magic:  3/3        EV:  7    Int:  5    God:    Sif Muna [**....]
Gold:   67         SH:  9    Dex: 10    Spells: 3/3 levels left

rFire    . . .     SeeInvis .   a - +0 trident
rCold    . . .     Faith    .   c - +0 kite shield
rNeg     . . .     Spirit   .   b - +0 scale mail
rPois    .         Reflect  .   (helmet restricted)
rElec    .         Harm     .   (no cloak)
rCorr    .         Rampage  .   p - +0 pair of gloves
Will     .....                  (no boots)
Stlth    ..........             (no amulet)
HPRegen  0.14/turn              (no ring)
MPRegen  0.08/turn              (no ring)

@: lethally poisoned (0 -> -11)
A: horns 2, retaliatory headbutt
a: Renounce Religion, Channel Magic


You were on level 3 of the Dungeon.
You worshipped Sif Muna.
Sif Muna was pleased with you.
You visited 1 branch of the dungeon, and saw 3 of its levels.

You collected 67 gold pieces.

Inventory:

Hand Weapons
 a - a +0 trident (weapon)
Missiles
 o - 7 poisoned darts (quivered)
Armour
 b - a +0 scale mail (worn)
 c - a +0 kite shield (worn)
 j - a scarf of invisibility
 l - a +0 tower shield
 p - a +0 pair of gloves (worn)
Jewellery
 k - a ring of protection from cold
Scrolls
 f - a scroll of teleportation {@r3 !r}
 g - 2 scrolls of identify
Potions
 d - a potion of might {@q3 !q}
 e - a potion of ambrosia
 i - a potion of lignification {@q6}
 n - a potion of resistance


   Skills:
 * Level 5.7 Fighting
 - Level 3.0 Polearms
 - Level 4.0 Armour
 - Level 4.0 Shields


You had 3 spell levels left.
You didn't know any spells.
Your spell library was empty.

Dungeon Overview and Level Annotations

Branches:
Dungeon (3/15)

Altars:
Dithmenos
Sif Muna

Annotations:
D:3 Robin


Innate Abilities, Weirdness & Mutations

You have a pair of horns on your head.
You reflexively headbutt those who attack you in melee.


Message History

The hobgoblin closely misses you. The goblin hits you with a +0 dagger.
The worm closely misses you. You furiously retaliate!
You headbutt the worm!
You kill the worm!
Sif Muna accepts your kill.
You barely miss the hobgoblin. Your headbutt misses the hobgoblin.
The bat hits you but does no damage. The goblin barely misses you.
Robin hits you but does no damage.
A goblin comes into view. It is wielding a +0 dagger.
You block the goblin's attack.
You puncture the goblin!
You kill the goblin!
Sif Muna accepts your kill. You block the bat's attack.
You block the goblin's attack. Robin barely misses you.
The goblin hits you but does no damage.
A hobgoblin comes into view.
You block the goblin's attack. Robin throws the goblin at you!
You block the goblin's attack. The hobgoblin hits you.
The goblin completely misses you. You furiously retaliate!
You headbutt the goblin!
You kill the goblin!
Sif Muna accepts your kill.
You hit the goblin but do no damage. The bat hits you but does no damage.
The goblin closely misses you. You block the goblin's attack.
You block Robin's attack. The bat hits you.
The goblin hits you but does no damage.
The hobgoblin hits you but does no damage.
The goblin hits you but does no damage.
You puncture the goblin!
You kill the goblin!
Sif Muna accepts your kill. The bat hits you but does no damage.
The goblin completely misses you.
Robin roars a battlecry!
The goblin barely misses you. The goblin hits you but does no damage.
The hobgoblin hits you but does no damage.
The bat hits you but does no damage.
The goblin hits you with a +2 dagger of venom.
You are poisoned.
You hit the hobgoblin but do no damage.
You feel sick. The bat hits you but does no damage. You block Robin's attack.
The goblin barely misses you. You block the goblin's attack.
You block the hobgoblin's attack. The goblin barely misses you.
Robin hits you but does no damage. You block the goblin's attack.
The goblin hits you with a +0 dagger. The hobgoblin closely misses you.
You hit the hobgoblin.
You kill the hobgoblin!
Sif Muna accepts your kill.
You feel sick. The bat hits you but does no damage.
The hobgoblin hits you but does no damage.
The goblin hits you but does no damage.
You are more poisoned.
The bat hits you but does no damage. Robin hits you but does no damage.
The goblin hits you but does no damage. The goblin hits you with a +0 dagger.
You block the hobgoblin's attack.
You are too injured to fight recklessly!
You are too injured to fight recklessly!
You are too injured to fight recklessly!
You are too injured to fight recklessly!
You are too injured to fight recklessly!
You are too injured to fight recklessly!
You are too injured to fight recklessly!
You are too injured to fight recklessly!
You are too injured to fight recklessly!
You are too injured to fight recklessly!
You are too injured to fight recklessly!
You are too injured to fight recklessly!
You are too injured to fight recklessly!
You are too injured to fight recklessly!
You are too injured to fight recklessly!
You are too injured to fight recklessly!
You are too injured to fight recklessly!
You are too injured to fight recklessly!
You are too injured to fight recklessly!
You are too injured to fight recklessly!
You are too injured to fight recklessly!
You are too injured to fight recklessly!
You are too injured to fight recklessly!
You feel very sick. The goblin hits you but does no damage.
You are more poisoned.
A goblin comes into view. It is wielding a +0 club.
You block the bat's attack. Robin hits you with a +0 spear!
The goblin hits you but does no damage.
Found 19 bolts.
You hit Robin.
Robin is moderately wounded.
* * * LOW HITPOINT WARNING * * *
You feel very sick. You block the bat's attack.
The goblin hits you with a +2 dagger of venom.
* * * LOW HITPOINT WARNING * * *
Robin barely misses you. The goblin hits you but does no damage.
The goblin hits you with a +2 dagger of venom.
* * * LOW HITPOINT WARNING * * *
You barely miss Robin.
Robin is moderately wounded.
* * * LOW HITPOINT WARNING * * *
You feel very sick.
You block the bat's attack. x2; The goblin hits you but does no damage.
The goblin hits you with a +0 dagger.
You die...

##..........).
##..............
#...............
#...............
#...............
#...............
#.....)†b......(
#....†.gg..?.#
#....gg@g...##
...##.###g#### .
#. g# . g. ##
g≈≈ ≈≈≈≈ ≈≈_..
≈≈≈≈≈≈


You could see Robin, 2 hobgoblins, 6 goblins and a bat.

Vanquished Creatures
  A water moccasin skeleton (D:2)
  A dart slug (D:1)
  2 worms
  3 endoplasms
  2 giant cockroaches
  5 goblins
  2 hobgoblins
  3 jackals (D:1)
  7 kobolds
  4 quokkas
  4 ball pythons (D:2)
  4 bats (D:2)
  3 frilled lizards (D:1)
  3 rats
44 creatures vanquished.

Vanquished Creatures (others)
  A plant (D:2)
1 creature vanquished.

Grand Total: 45 creatures vanquished

Notes
Turn   | Place    | Note
-------+----------+-------------------------------------------
     0 | D:1      | Ozzies the Minotaur Fighter began the quest for the Orb.
     0 | D:1      | Reached XP level 1. HP: 19/19 MP: 0/0
   204 | D:1      | Reached XP level 2. HP: 26/27 MP: 1/1
   220 | D:1      | Reached skill level 4 in Fighting
   307 | D:1      | Found a faded altar of an unknown god.
   316 | D:1      | Became a worshipper of Sif Muna the Loreminder
   316 | D:1      | Reached * piety under Sif Muna
   618 | D:2      | Reached XP level 3. HP: 31/33 MP: 2/2
   632 | D:2      | Reached skill level 5 in Fighting
   632 | D:2      | Reached XP level 4. HP: 33/42 MP: 3/3
  1032 | D:2      | Reached ** piety under Sif Muna
  1397 | D:3      | Identified a scroll of acquirement
  1397 | D:3      | Acquired a manual of Invocations
  1403 | D:3      | Found a shadowy altar of Dithmenos.
  1403 | D:3      | Noticed Robin
  1413 | D:3      | HP: 2/44 [poisoned by a goblin]
  1413 | D:3      | Slain by a goblin

Illustrated notes

Levels and vault maps discovered:
D:1:      lightli_arrival_isolated_outpost, layout_basic,
          chequers_ecumenical_altar_simple_redux
D:2:      minmay_angry_zag, layout_loops_ring, serial_forest,
          infiniplex_forest_clump_curved, infiniplex_forest_straight_4,
          infiniplex_forest_corner_2, infiniplex_forest_clump_small,
          infiniplex_forest_straight_2, infiniplex_forest_straight_2,
          minmay_split_cup_small
D:3:      layout_rooms, mainiacjoe_overflow_catwalk, portal_sewer_entry_f,
          kennysheep_generic_room_16, uniq_grinder, uniq_crazy_yiuf_cottage,
          uniq_robin

Skill      XL: |  1  2  3 |
---------------+----------+-----
Fighting       | 4 5 |  5.7
Armour         | 4 |  4.0
Shields        | 4 |  4.0
Polearms       | 3 |  3.0

Action                   |  1- 3 |  4- 6 || total
-------------------------+-------+-------++-------
Melee: Trident           |    67 |    31 ||    98
       Headbutt          |     4 |     6 ||    10
  Use: Scroll            |       |     6 ||     6
Armor: Scale mail        |    25 |    27 ||    52
Dodge: Dodged            |     9 |    16 ||    25
Block: Kite shield       |    19 |    18 ||    37
       Tower shield      |    12 |    13 ||    25
